 Dungeon Sprint DCSS version 0.21.0-25-ge575cb9 (webtiles) character file.

32 wojtek the Chopper (level 3, -2/52 HPs)
             Began as a Minotaur Berserker on Jan 26, 2018.
             Was a Believer of Trog.
             Drowned by a water elemental (5 damage)
             ... in the Dungeon (Sprint III: "The Ten Rune Challenge").
             The game lasted 00:00:23 (138 turns).

wojtek the Chopper (Minotaur Berserker)              Turns: 138, Time: 00:00:24

Health: -2/52      AC:  2    Str: 27    XL:     3   Next: 10%
Magic:  2/2        EV: 13    Int:  4    God:    Trog [**....]
Gold:   23         SH:  0    Dex:  9    Spells: 2/2 levels left

rFire    . . .     SeeInvis .   a - +0 hand axe
rCold    . . .     Gourm    .   (no shield)
rNeg     . . .     Faith    .   b - +0 animal skin
rPois    .         Spirit   .   (helmet restricted)
rElec    .         Reflect  .   (no cloak)
rCorr    .         Harm     .   (no gloves)
MR       .....     NoTele   +   (no boots)
Stlth    ..........             (no amulet)
HPRegen  0.17/turn              (no ring)
MPRegen  0.08/turn              (no ring)

@: berserking (expiring), engulfed (cannot breathe), very quick
A: retaliatory headbutt, horns 2
a: Berserk, Trog's Hand, Burn Spellbooks, Renounce Religion


You were in the Dungeon.
You worshipped Trog.
Trog was pleased with you.
You were not hungry.

You visited 1 branch You collected 23 gold pieces.

Inventory:

Hand Weapons
 a - a +0 hand axe (weapon)
Armour
 b - a +0 animal skin (worn)
Scrolls
 i - a scroll of blinking
 j - a scroll of enchant armour {unknown}
 m - a scroll of holy word {unknown}
 n - 2 scrolls of amnesia {unknown}
 q - a scroll of torment {unknown}
 r - a scroll of identify {unknown}
 s - 2 scrolls of remove curse
Potions
 d - 2 potions of curing
 e - a potion of heal wounds
 f - a potion of haste
 g - 2 potions of magic
 h - a potion of berserk rage
 l - 2 potions of mutation {unknown}
 o - a potion of agility {unknown}
 p - 4 potions of flight
Comestibles
 c - 3 rations
 k - 5 chunks of flesh


   Skills:
 + Level 4.9 Fighting
 * Level 5.9 Axes
 + Level 4.0 Armour
 + Level 3.7 Dodging


You had 2 spell levels left.
You didn't know any spells.

Dungeon Overview and Level Annotations

Branches:
Dungeon (1/1)

Altars:


Innate Abilities, Weirdness & Mutations

You reflexively headbutt those who attack you in melee.
You have a pair of horns on your head.


Message History

You hit the water elemental.
The water elemental is heavily damaged.
The water elemental hits you!
The water elemental engulfs you in water!
You closely miss the water elemental.
The water elemental is heavily damaged.
Your lungs strain for air!
The water elemental hits you!
You barely miss the water elemental.
The water elemental is heavily damaged.
Your lungs strain for air!
You slash the water elemental!
The water elemental is severely damaged.
* * * LOW HITPOINT WARNING * * *
Your lungs strain for air!
The water elemental hits you!
* * * LOW HITPOINT WARNING * * *
You hit the water elemental.
The water elemental is almost destroyed.
You die...

▓▓▓▓▓▓▓▓ ▓▓▓ <..#(..####
##.# ...#......#####..#
..##.....÷.#..#..#
##.##.##...#..#..# #+#+#
##.##.###..##'#..#......
#.####.##..###..@E.⌠....
.###..##..####...#...###
#.....##..###....# ⌠.#
###..##...##÷....# .#
##..##....#......# #
#..###..##.#.....# #..#
#..#####....# ▓▓▓▓ ▓▓▓▓
▓▓▓▓▓▓


You could see a water elemental.

Vanquished Creatures
  A human (D)
  2 oozes (D)
  A phantom (D)
  2 rats (D)
6 creatures vanquished.

Vanquished Creatures (others)
  A hydra (D)
  3 hellions (D)
  3 plants (D)
7 creatures vanquished.

Grand Total: 13 creatures vanquished

Notes
Turn   | Place    | Note
-------+----------+-------------------------------------------
     0 | D        | wojtek the Minotaur Berserker began the quest for the Orb.
     0 | D        | Reached XP level 1. HP: 19/19 MP: 0/0
     9 | D        | Reached skill level 4 in Axes
    12 | D        | Reached XP level 2. HP: 22/27 MP: 1/1
    54 | D        | Reached ** piety under Trog
    81 | D        | Reached skill level 5 in Axes
    81 | D        | Reached XP level 3. HP: 35/35 MP: 2/2
    88 | D        | Killed a hellion
   122 | D        | Killed a hellion
   124 | D        | Killed an eight-headed hydra
   130 | D        | Noticed a water elemental
   131 | D        | Killed a hellion
   138 | D        | Drowned by a water elemental

Skill      XL: |  1  2 |
---------------+-------+-----
Fighting       | 4 |  4.9
Axes           | 4 5 |  5.9
Armour         | 3 4 |  4.0
Dodging        | 3 |  3.7

Action                   || total
-------------------------++-------
Melee: Hand axe          ||    19
       Headbutt          ||     2
Invok: Berserk           ||     2
 Stab: Sleeping          ||     1
Dodge: Dodged            ||     7
